 Dungeon Crawl Stone Soup version 0.29-a0-321-gf1c400731a (webtiles) character file.

Game seed: 1812730235970207232

723 Flugslaktarn the Stinger (level 8, -1/52 HPs)
             Began as a Human Venom Mage on Apr 5, 2022.
             Was a Follower of Sif Muna.
             Succumbed to a water moccasin's poison
             ... on level 5 of the Dungeon.
             The game lasted 00:11:26 (2289 turns).

Flugslaktarn the Stinger (Human Venom Mage)         Turns: 2289, Time: 00:11:27

Health: -1/52      AC:  5    Str:  7 (8)  XL:     8   Next: 2%
Magic:  12/12      EV: 12    Int: 15 (17) God:    Sif Muna [*.....]
Gold:   192        SH:  0    Dex: 12 (15) Spells: 3/13 levels left

rFire   . . .      SeeInvis +   w - +2 whip (pain)
rCold   . . .      Faith    +   (no shield)
rNeg    . . .      Spirit   .   a - +0 robe
rPois   .          Reflect  .   t - +0 helmet
rElec   .          Harm     .   x - +0 cloak
rCorr   .          Rampage  .   c - +0 pair of gloves
Will    .....                   (no boots)
Stlth   ++........              v - amulet of faith
HPRegen 0.17/turn               i - ring of see invisible
MPRegen 0.13/turn               y - ring of wizardry

@: lethally poisoned (-1 -> -4), on berserk cooldown, slowed, very slow
A: no striking features
a: Renounce Religion, Channel Magic


You were on level 5 of the Dungeon.
You worshipped Sif Muna.
Sif Muna was aware of your devotion.
You visited 1 branch of the dungeon, and saw 5 of its levels.

You collected 192 gold pieces.

Inventory:

Hand Weapons
 d - a +0 short sword
   (You found it on level 1 of the Dungeon)
 w - a +2 whip of pain (weapon)
   (You took it off an orc on level 4 of the Dungeon)
Missiles
 g - 2 poisoned darts
 m - 6 boomerangs
 o - 4 silver javelins
Armour
 a - a +0 robe (worn)
 c - a +0 pair of gloves (worn)
   (You found it on level 1 of the Dungeon)
 t - a +0 helmet (worn)
   (You took it off Robin on level 3 of the Dungeon)
 x - a +0 cloak (worn)
   (You found it on level 3 of the Dungeon)
Jewellery
 i - a ring of see invisible (left hand)
   (You found it on level 2 of the Dungeon)
 n - a ring of resist corrosion
   (You found it on level 2 of the Dungeon)
 v - an amulet of faith (around neck)
   (You found it on level 5 of the Dungeon)
 y - a ring of wizardry (right hand)
   (You found it on level 4 of the Dungeon)
Wands
 A - a wand of flame (19)
   (You found it on level 5 of the Dungeon)
Scrolls
 e - 2 scrolls of vulnerability
 f - a scroll of immolation
 k - a scroll of amnesia
 q - a scroll of fog
 r - a scroll of magic mapping {unknown}
 s - a scroll of enchant weapon {unknown}
Potions
 b - a potion of magic
 j - a potion of attraction {unknown}
 l - a potion of brilliance
 p - a potion of lignification {unknown}
 u - a potion of mutation {unknown}


   Skills:
 - Level 2.1 Dodging
 - Level 2.1 Stealth
 - Level 3.0 Spellcasting
 - Level 1.0 Conjurations
 - Level 2.0 Transmutations
 - Level 2.0 Air Magic
 + Level 6.9 Poison Magic
 + Level 3.2 Invocations


You had 3 spell levels left.
You knew the following spells:

 Your Spells              Type           Power      Damage    Failure   Level
a - Sting                 Tmut/Pois      60%        1d6       1%          1
b - Poisonous Vapours     Pois/Air       30%        N/A       1%          2
c - Mephitic Cloud        Conj/Pois/Air  12%        N/A       6%          3
d - Olgreb's Toxic Radia  Pois           23%        N/A       4%          4

Your spell library contained the following spells:

 Spells                   Type           Power      Damage    Failure   Level
 Ozocubu's Armour         Ice            2%         N/A       24%         3
 Metabolic Englaciation   Hex/Ice        1%         N/A       89%         5
 Simulacrum               Ice/Necr       1%         N/A       100%        6


Dungeon Overview and Level Annotations

Branches:
Dungeon (5/15)
 Temple: D:4-7

Altars:
Gozag
Kikubaaqudgha
Sif Muna
Wu Jian

Annotations:
D:4 Pikel


Message History

You see here a wand of flame (22).
A - a wand of flame (22)
The quokka bites you but does no damage.
You closely miss the quokka.
The quokka is heavily wounded.
The quokka bites you. The quokka barely misses you.
You barely miss the quokka.
The quokka is almost dead.
You kill the quokka!
Sif Muna accepts your kill.
You now have 192 gold pieces (gained 13).
Found a spear.
Found 8 gold pieces.
A water moccasin comes into view.
The water moccasin hisses angrily.
Found 8 gold pieces.
Okay, then.
Aiming: Throw Flame
Press: ? - help, Shift-Dir - straight line, f - water moccasin
Aim: a water moccasin (48% to hit)
The puff of flame hits the water moccasin.
The water moccasin is lightly wounded.
Aiming: Throw Flame
Press: ? - help, Shift-Dir - straight line, f/p - water moccasin
Aim: a water moccasin (lightly wounded, 48% to hit)
The puff of flame hits the water moccasin.
The water moccasin is moderately wounded.
The water moccasin closely misses you.
You hit the water moccasin.
The water moccasin is heavily wounded.
The water moccasin bites you!
You are poisoned.
The water moccasin poisons you!
You barely miss the water moccasin.
The water moccasin is heavily wounded.
You feel very sick. The water moccasin bites you.
You are more poisoned.
The water moccasin poisons you! The water moccasin misses you.
You barely miss the water moccasin.
The water moccasin is heavily wounded.
You feel very sick. The water moccasin closely misses you.
Aiming: Throw Flame
Press: ? - help, Shift-Dir - straight line, f/p - water moccasin
Aim: a water moccasin (heavily wounded, 48% to hit)
The puff of flame hits the water moccasin.
The water moccasin is heavily wounded.
You feel very sick.
The water moccasin bites you but does no damage.
The water moccasin bites you!
A red film seems to cover your vision as you go berserk!
You feel yourself moving faster!
You feel mighty!
You feel very sick.
The water moccasin bites you but does no damage.
You whack the water moccasin!
The water moccasin is almost dead.
You feel sick. The water moccasin bites you.
* * * LOW HITPOINT WARNING * * *
You barely miss the water moccasin.
The water moccasin is almost dead.
You feel sick. The water moccasin bites you.
* * * LOW HITPOINT WARNING * * *
You closely miss the water moccasin.
The water moccasin is almost dead.
* * * LOW HITPOINT WARNING * * *
You feel sick. The water moccasin barely misses you.
You barely miss the water moccasin.
The water moccasin is almost dead.
* * * LOW HITPOINT WARNING * * *
You feel sick. The water moccasin barely misses you.
You barely miss the water moccasin.
The water moccasin is almost dead.
* * * LOW HITPOINT WARNING * * *
You feel sick. The water moccasin misses you.
You whack the water moccasin!
You kill the water moccasin!
Sif Muna accepts your kill.
* * * LOW HITPOINT WARNING * * *
You feel sick.
Your Invocations skill increases to level 3!
You have reached level 8!
You feel agile.
* * * LOW HITPOINT WARNING * * *
You feel sick.
Unknown command.
You are too berserk!
Unknown command.
You feel a strong urge to attack something.
* * * LOW HITPOINT WARNING * * *
You feel sick.
Unknown command.
You are no longer berserk.
You are exhausted.
You feel yourself slow down.
Unknown command.
It was a potion of degeneration.
There was something very wrong with that liquid.
You feel weakened.
You feel dopey.
You feel clumsy.
You die...

####### #......
#...... #.....$
#...... #......
#...$..#############
......†...@........#
#......###########.#
#...... #.#
#......###########.#
#......#...........#
########...........#
#...........#
#...).......#
#...........###


There were no monsters in sight!

Vanquished Creatures
  A water moccasin (D:5)
  A phantom (D:5)
  A bullfrog (D:4)
  A necrophage (D:4)
  A jelly (D:5)
  3 hounds
  Natasha (twice) (D:2)
  3 iguanas
  2 orc wizards (D:4)
  Robin (D:3)
  2 adders
  A worm (D:3)
  3 dart slugs
  14 orcs
  7 bats
  An endoplasm (D:3)
  A giant cockroach (D:1)
  4 hobgoblins
  5 kobolds
  A quokka (D:5)
  4 ball pythons
  A frilled lizard (D:1)
  14 goblins
  8 rats
82 creatures vanquished.

Notes
Turn   | Place    | Note
-------+----------+-------------------------------------------
     0 | D:1      | Flugslaktarn the Human Venom Mage began the quest for the
                  | Orb.
     0 | D:1      | Reached XP level 1. HP: 13/13 MP: 3/3
    95 | D:1      | Reached XP level 2. HP: 19/19 MP: 3/5
   107 | D:1      | Learned a level 2 spell: Poisonous Vapours
   320 | D:4      | Noticed a lemure
   332 | D:4      | Noticed a lemure
   375 | D:3      | Reached XP level 3. HP: 24/24 MP: 4/6
   527 | D:2      | Reached skill level 1 in Air Magic
   594 | D:2      | Noticed Natasha
   600 | D:2      | Killed Natasha
   601 | D:2      | Reached XP level 4. HP: 12/30 MP: 1/7
   654 | D:1      | Found a faded altar of an unknown god.
   712 | D:2      | Noticed Natasha
   721 | D:2      | Killed Natasha
   722 | D:2      | Reached XP level 5. HP: 21/35 MP: 3/9
   864 | D:2      | Found a shimmering blue altar of Sif Muna.
   872 | D:2      | Became a worshipper of Sif Muna the Loreminder
  1044 | D:3      | Noticed Robin
  1056 | D:3      | Killed Robin
  1128 | D:3      | Reached skill level 4 in Poison Magic
  1212 | D:4      | Learned a level 3 spell: Mephitic Cloud
  1217 | D:4      | Learned a level 4 spell: Olgreb's Toxic Radiance
  1262 | D:4      | Reached skill level 1 in Conjurations
  1262 | D:4      | Reached XP level 6. HP: 37/41 MP: 4/10
  1281 | D:5      | Entered Level 5 of the Dungeon
  1331 | D:5      | Found an ancient bone altar of Kikubaaqudgha.
  1349 | D:5      | Reached skill level 5 in Poison Magic
  1381 | D:3      | Reached * piety under Sif Muna
  1521 | D:4      | Reached skill level 6 in Poison Magic
  1521 | D:4      | Reached XP level 7. HP: 11/46 MP: 8/11
  1625 | D:4      | Reached skill level 1 in Invocations
  1758 | D:4      | Noticed Pikel
  2117 | D:4      | Found an ornate altar of the Wu Jian Council.
  2117 | D:4      | Found an opulent altar of Gozag.
  2271 | D:5      | Noticed a water moccasin
  2284 | D:5      | HP: 3/69 [poisoned by a water moccasin]
  2285 | D:5      | Killed a water moccasin
  2286 | D:5      | Reached XP level 8. HP: 2/52 MP: 12/12
  2287 | D:5      | HP: 1/78 [poisoned by a water moccasin]
  2289 | D:5      | Succumbed to a water moccasin's poison

Illustrated notes

Levels and vault maps discovered:
D:1:      dpeg_arrival_orchard, layout_rooms,
          dreamdust_ecumenical_altar_angels_and_demons
D:2:      layout_basic, basic_altar, chequers_mini_garden, uniq_natasha
D:3:      layout_basic, uniq_terence, uniq_robin
D:4:      layout_basic, chequers_temple_overflow_statue_of_worship,
          abandoned_shop, uniq_pikel
D:5:      layout_basic, kiku_gazebo_pond_becter

Skill      XL: |  1  2  3  4  5  6  7 |
---------------+----------------------+-----
Air Magic      | 1 2 |  2.0
Transmutations | 2 |  2.0
Spellcasting   | 3 |  3.0
Poison Magic   | 4 6 |  6.9
Conjurations   | 1 |  1.0
Invocations    | 3 |  3.2
Dodging        | |  2.1
Stealth        | |  2.1

Action                   |  1- 3 |  4- 6 |  7- 9 || total
-------------------------+-------+-------+-------++-------
Melee: Short sword       |    30 |    47 |     5 ||    82
       Whip              |       |       |    30 ||    30
 Cast: Sting             |    43 |    50 |    28 ||   121
       Poisonous Vapours |       |     1 |     9 ||    10
       Olgreb's Toxic Ra |       |       |     3 ||     3
       Mephitic Cloud    |       |       |     2 ||     2
Invok: Channel Magic     |       |       |     1 ||     1
Evoke: Wand              |       |       |     3 ||     3
  Use: Scroll            |       |     4 |     1 ||     5
       Potion            |       |     2 |     3 ||     5
 Stab: Sleeping          |     1 |       |       ||     1
Armor: Robe              |    17 |     8 |    11 ||    36
Dodge: Dodged            |    40 |    44 |    31 ||   115

Table legend: (Time is in decaauts)
 A = Elapsed time spent in this place.
 B = Non-inter-level travel time spent in this place.
 C = Inter-level travel time spent in this place.
 D = Time resting spent in this place.
 E = Time spent auto-exploring this place.
 F = Levels seen in this place.
 G = Mean time per level.
                   A        B        C        D        E       F      G
               +--------+--------+--------+--------+--------+-----+--------+
         Total |   2332 |   2154 |    178 |      0 |      0 |   5 |  466.4 |
       Dungeon |   2332 |   2154 |    178 |      0 |      0 |   5 |  466.4 |
               +--------+--------+--------+--------+--------+-----+--------+

Top non-repeatable levels by time:
     D:3: 801 daAuts
     D:4: 575 daAuts
     D:2: 345 daAuts
     D:5: 330 daAuts
     D:1: 280 daAuts
